 Dungeon Crawl Stone Soup version 0.30-a0-359-gd0147acb1a (webtiles) character file.

Game seed: 10362884112393070141

32 mcwallace the Firebug (level 3, -3/23 HPs)
             Began as an Octopode Fire Elementalist on Nov 12, 2022.
             Slain by a scorpion (7 damage)
             ... on level 4 of the Dungeon.
             The game lasted 00:02:00 (1493 turns).

mcwallace the Firebug (Octopode Fire Elementalist)  Turns: 1493, Time: 00:02:01

Health: -3/23      AC:  1    Str:  7    XL:     3   Next: 27%
Magic:  0/6        EV: 13    Int: 19    God:
Gold:   45         SH:  0    Dex: 12    Spells: 5/6 levels left

rFire   . . .      SeeInvis .    e - +0 rapier {short}
rCold   . . .      Faith    .    (no shield)
rNeg    . . .      Spirit   .    (helmet restricted)
rPois   .          Reflect  .    (no amulet)
rElec   .          Harm     .    (no ring)
rCorr   .          Rampage  .    (no ring)
Will    .....                    (no ring)
Stlth   +++.......               (no ring)
HPRegen 0.23/turn                (no ring)
MPRegen 0.10/turn                (no ring)
                                 (no ring)
                                 (no ring)

@: lethally poisoned (-3 -> -5)
A: almost no armour, amphibious, 8 rings, camouflage 1, gelatinous body 1,
(nimble swimmer 1), tentacles
a: no special abilities


You were on level 4 of the Dungeon.
You visited 1 branch of the dungeon, and saw 3 of its levels.

You collected 45 gold pieces.


Innate Abilities, Weirdness & Mutations

You cannot wear most types of armour.
You are amphibious.
You can wear up to eight rings at the same time.
Your skin changes colour to match your surroundings (Stealth+).
Your rubbery body absorbs attacks. (AC +1, EV +1)
((You are camouflaged when in or above water. (Stealth+)))
You have tentacles for arms and can constrict up to eight enemies at once.


   Skills:
 + Level 1.0 Fighting
 + Level 2.3 Dodging
 - Level 2.6 Stealth
 + Level 2.3 Spellcasting
 + Level 1.6 Conjurations
 + Level 3.2 Fire Magic


You had 5 spell levels left.
You knew the following spells:

 Your Spells              Type           Power      Damage    Failure   Level
a - Foxfire               Conj/Fire      44%        2x1d6     6%          1

Your spell library contained the following spells:

 Spells                   Type           Power      Damage    Failure   Level
 Scorch                   Fire           28%        2d6       6%          2
 Shock                    Conj/Air       20%        1d4       12%         1
 Inner Flame              Hex/Fire       8%         N/A       26%         3
 Kindle Blastsparks       Fire/Tloc/Air  12%        2d11      32%         3
 Swiftness                Air            2%         N/A       45%         3
 Flame Wave               Conj/Fire      11%        2d6       52%         4
 Airstrike                Air            1%         2d(1-17)  86%         4

Inventory:

Hand Weapons
 e - a +0 rapier (weapon) {short}
   (You found it on level 1 of the Dungeon)
 h - a +0 club {mace}
   (You took it off a goblin on level 1 of the Dungeon)
Missiles
 b - 14 stones {throwing}
 g - 7 poisoned darts {throwing}
Scrolls
 f - a scroll of enchant armour {unknown}
 i - a scroll of teleportation {unknown}
 k - a scroll of identify {unknown}
Potions
 c - a potion of curing {unknown}
 d - a potion of attraction {unknown}
 j - a potion of lignification {unknown}
 l - a potion of degeneration {unknown}

Dungeon Overview and Level Annotations

Branches:
Dungeon (2/15) Zot: 16506

Altars:
Fedhas

#. #.# .# ..##### #.##.# .# ....
......# ..#.##. .....# ......#
#.#.#.. .....# ......# #.#.#.#
..... ......###
#...#.##.#.#####.# ......+.#
##..#............##
......#.#######...##..)........#
...............s@.......#......#
..##.#..........ยง##..._.#..##..#
#.#.############.....#..##..#
#.#.. #..####..##..# #.####
##.......##..# #. #.......##..#
#. #..#######..## #.
#..#######...# #............#


You could see a scorpion.


Message History

The foxfire hits Natasha.
Natasha stares at you and mumbles some strange words.
The magic dart hits you.
The foxfire hits Natasha but does no damage. ๐Ÿ˜ฎ HP[-5] MP[-1]
You take 5 damage, and now have 13/18 hp.
MASSIVE DAMAGE!! (PAUSE)
You lost 1 mp, and now have 0/5 mp.
The foxfire hits Natasha.
You kill Natasha!
Natasha yowls pathetically as she dies!
Your Fighting skill increases to level 1!
You have reached level 3!
Your experience leads to an increase in your attributes!
Increase (S)trength, (I)ntelligence, or (D)exterity?
You feel clever. x2 ๐Ÿ˜• HP[+5]
You now have 23 max hp (+5).
You regained 5 hp, and now have 18/23 hp.
Magic courses through your body.
Your magical contamination has completely faded away. ๐Ÿ˜• HP[+1] MP[+6]
Your mp is fully restored (6).
Casting: Foxfire (safe; 6% risk of failure)
Press: ? - help, Q - select action, (/) - cycle Dir - look around, f - activate You conjure some foxfire!
Casting: Foxfire (safe; 6% risk of failure)
Press: ? - help, Q - select action, (/) - cycle Dir - look around, f - activate You conjure some foxfire!
The foxfire hits the scorpion but does no damage. x2
The scorpion stings you but does no damage. ๐Ÿ˜• MP[-1]
You lost 1 mp, and now have 5/6 mp.
The foxfire hits the scorpion but does no damage.
The foxfire hits the scorpion.
Casting: Foxfire (safe; 6% risk of failure)
Press: ? - help, Q - select action, (/) - cycle Dir - look around, f - activate You conjure some foxfire!
The scorpion barely misses you.
The scorpion closely misses you. ๐Ÿ˜• HP[+1] MP[-1]
You lost 1 mp, and now have 4/6 mp.
The foxfire hits the scorpion but does no damage.
Casting: Foxfire (safe; 6% risk of failure)
Press: ? - help, Q - select action, (/) - cycle Dir - look around, f - activate You conjure some foxfire!
The scorpion stings you. ๐Ÿ˜• HP[-1] MP[-1]
You take 1 damage, and now have 19/23 hp.
You lost 1 mp, and now have 3/6 mp.
The foxfire hits the scorpion.
Casting: Foxfire (safe; 6% risk of failure)
Press: ? - help, Q - select action, (/) - cycle Dir - look around, f - activate You conjure some foxfire!
The scorpion barely misses you. ๐Ÿ˜• MP[-1]
You lost 1 mp, and now have 2/6 mp.
The foxfire hits the scorpion.
The scorpion stings you.
You are poisoned.
The scorpion poisons you! ๐Ÿ˜ฎ HP[-2]
You take 2 damage, and now have 17/23 hp.
Casting: Foxfire (safe; 6% risk of failure)
Press: ? - help, Q - select action, (/) - cycle Dir - look around, f - activate You conjure some foxfire!
You feel very sick.
The scorpion closely misses you. ๐Ÿ˜ฎ HP[-4] MP[-1]
You take 4 damage, and now have 13/23 hp.
You lost 1 mp, and now have 1/6 mp.
You feel sick.
The foxfire hits the scorpion. ๐Ÿ˜จ HP[-2] MP[+1]
You take 2 damage, and now have 11/23 hp.
Casting: Foxfire (safe; 6% risk of failure)
Press: ? - help, Q - select action, (/) - cycle Dir - look around, f - activate You conjure some foxfire!
You feel sick. The scorpion stings you.
* * * LOW HITPOINT WARNING * * *
๐Ÿ˜จ HP[-3] MP[-1]
You take 3 damage, and now have 8/23 hp.
You lost 1 mp, and now have 1/6 mp.
* * * LOW HITPOINT WARNING * * *
You feel sick.
The foxfire hits the scorpion. ๐Ÿ˜จ HP[-1]
You take 1 damage, and now have 7/23 hp.
Casting: Foxfire (safe; 6% risk of failure)
Press: ? - help, Q - select action, (/) - cycle Dir - look around, f - activate You conjure some foxfire!
You feel sick.
The scorpion stings you but does no damage.
The scorpion closely misses you. ๐Ÿ˜จ HP[-1] MP[-1]
You take 1 damage, and now have 6/23 hp.
You lost 1 mp, and now have 0/6 mp.
You feel sick.
The foxfire hits the scorpion.
The foxfire hits the scorpion but does no damage. ๐Ÿ˜ฑ HP[-1]
You take 1 damage, and now have 5/23 hp.
You hit the scorpion but do no damage. You grab the scorpion.
You constrict the scorpion.
You feel sick. The scorpion stings you!
You die...

Skill      XL: |  1  2 |
---------------+-------+-----
Fighting       | 1 |  1.0
Dodging        | |  2.3
Stealth        | |  2.6
Spellcasting   | |  2.3
Conjurations   | |  1.6
Fire Magic     | |  3.2

Action                   || total
-------------------------++-------
Melee: Rapier            ||     2
       Unarmed           ||     1
       Constrict         ||     1
 Cast: Foxfire           ||    30
  Use: Potion            ||     1
Armor: Skin              ||     2
Dodge: Dodged            ||     9

Levels and vault maps discovered:
D:1:      dpeg_arrival_circle_labyrinth_a, layout_basic
D:2:      layout_loops_cross, hellmonk_ecumenical_altar_pennies_from_heaven,
          supply_closet_lemuel
D:4:      layout_basic, mainiacjoe_overflow_chevrons, uniq_natasha

Notes
Turn   | Place    | Note
-------+----------+-------------------------------------------
     0 | D:1      | mcwallace the Octopode Fire Elementalist began the quest
                  | for the Orb.
     0 | D:1      | Reached XP level 1. HP: 11/11 MP: 3/3
     0 | D:1      | magus.rc [v1.9.6]
  1179 | D:2      | Reached XP level 2. HP: 18/18 MP: 0/5
  1316 | D:2      | You fall into a shaft and drop 2 floors!
  1438 | D:4      | Found a blossoming altar of Fedhas.
  1465 | D:4      | You pick up a book of Air and begin reading...
  1465 | D:4      | You add the spells Shock, Swiftness and Airstrike to your
                  | library.
  1467 | D:4      | Noticed Natasha
  1470 | D:4      | Noticed a scorpion
  1473 | D:4      | Killed Natasha
  1474 | D:4      | Reached skill level 1 in Fighting
  1474 | D:4      | Reached XP level 3. HP: 18/23 MP: 0/6
  1492 | D:4      | HP: 5/23 [poisoned by a scorpion]
  1493 | D:4      | Slain by a scorpion

Vanquished Creatures
  Natasha (D:4)
  3 bats (D:1)
  2 endoplasms
  A goblin (D:1)
  A kobold (D:2)
8 creatures vanquished.

Vanquished Creatures (others)
  44 foxfires
44 creatures vanquished.

Grand Total: 52 creatures vanquished

Table legend:
 A = Non-vault XP
 B = Vault XP
 C = Vault XP percentage of total XP
 D = Non-vault monster count
 E = Vault monster count
 F = Vault count percentage of total count
                 A         B        C        D         E       F
            +---------+---------+-------+---------+---------+-------
      Total |      12 |      35 |  74.5 |       7 |       1 |  12.5
            +---------+---------+-------+---------+---------+-------
        D:1 |       7 |       0 |   0.0 |       4 |       0 |   0.0
        D:2 |       3 |       0 |   0.0 |       2 |       0 |   0.0
        D:4 |       2 |      35 |  94.6 |       1 |       1 |  50.0
            +---------+---------+-------+---------+---------+-------

Illustrated notes

Table legend:
 A = Kills in this place as a percentage of kills in entire the game.
 B = Kills by you in this place as a percentage of kills by you in the entire game.
 C = Kills by friends in this place as a percentage of kills by friends in the entire game.
 D = Other kills in this place as a percentage of other kills in the entire game.
 E = Experience gained in this place as a percentage of experience gained in the entire game.
 F = Experience gained in this place divided by the number of levels of this place that you have seen.
                   A       B       C       D       E      F
               +-------+-------+-------+-------+-------+----------------------
         Total | 100.0 | 100.0 |   N/A |   N/A | 100.0 |  15.7
       Dungeon | 100.0 | 100.0 |   N/A |   N/A | 100.0 |  15.7
               +-------+-------+-------+-------+-------+----------------------

Table legend: (Time is in decaauts)
 A = Elapsed time spent in this place.
 B = Non-inter-level travel time spent in this place.
 C = Inter-level travel time spent in this place.
 D = Time resting spent in this place.
 E = Time spent auto-exploring this place.
 F = Levels seen in this place.
 G = Mean time per level.
                   A        B        C        D        E       F      G
               +--------+--------+--------+--------+--------+-----+--------+
         Total |   1492 |   1365 |    127 |     30 |   1213 |   3 |  497.3 |
       Dungeon |   1492 |   1365 |    127 |     30 |   1213 |   3 |  497.3 |
               +--------+--------+--------+--------+--------+-----+--------+

Top non-repeatable levels by time:
     D:1: 1167 daAuts
     D:4: 176 daAuts
     D:2: 148 daAuts
